 Dungeon Crawl Stone Soup version 0.22.0-60-ga52c2fcf6e (webtiles) character file.

62393 MaCx the Geomancer (level 15, -2/92 HPs)
             Began as a Gargoyle Earth Elementalist on Sept 9, 2018.
             Was an Elder of Vehumet.
             Killed by divine providence
             ... invoked by Saint Roka
              (11 damage)
             ... on level 1 of the Orcish Mines on Sept 10, 2018.
             The game lasted 02:29:19 (35350 turns).

MaCx the Geomancer (Gargoyle Earth Elementalist)   Turns: 35350, Time: 02:29:20

Health: -2/92      AC: 22    Str: 12    XL:     15   Next: 6%
Magic:  2/52       EV: 15    Int: 22    God:    Vehumet [****..]
Gold:   1097       SH:  4    Dex: 10    Spells: 13/33 levels left

rFire    . . .     SeeInvis .   j - staff of power
rCold    . . .     Gourm    +   R - +0 buckler
rNeg     + . .     Faith    .   S - +1 troll leather armour
rPois    ∞         Spirit   .   V - +0 hat
rElec    +         Reflect  .   s - +0 cloak
rCorr    .         Harm     .   N - +0 pair of gloves
MR       +....                  (no boots)
Stlth    ++........             Z - amulet of the gourmand
HPRegen  0.65/turn              l - ring of magical power
MPRegen  0.33/turn              z - +3 ring of protection

@: flying
A: big wings, negative energy resistance 1, electricity resistance, unbreathing,
petrification resistance, rot immunity, AC +11
a: Stop Flying, Renounce Religion


You were on level 1 of the Orcish Mines.
You worshipped Vehumet.
Vehumet was greatly pleased with you.
You were full.

You visited 4 branches of the dungeon, and saw 21 of its levels.

You collected 1942 gold pieces.
You spent 845 gold pieces at shops.

Inventory:

Hand Weapons
 G - a +3 whip of flaming
Missiles
 b - 254 stones (quivered)
Armour
 s - a +0 cloak (worn)
 C - a +2 robe of fire resistance
 N - a +0 pair of gloves (worn)
 R - a +0 buckler (worn)
 S - a +1 troll leather armour (worn)
 V - a +0 hat (worn)
Magical Staves
 j - an uncursed staff of power (weapon)
Jewellery
 l - a ring of magical power (left hand)
 z - a +3 ring of protection (right hand)
 Z - an amulet of the gourmand (around neck)
Wands
 t - a wand of iceblast (9)
 D - a wand of disintegration (5)
Scrolls
 a - 3 scrolls of identify
 c - a scroll of fear
 e - 9 scrolls of magic mapping
 g - 8 scrolls of teleportation
 k - 3 scrolls of amnesia
 o - 7 scrolls of enchant weapon
 p - a scroll of blinking
 w - a scroll of enchant armour
 y - 6 scrolls of remove curse
 A - a scroll of holy word {unknown}
Potions
 f - 2 potions of heal wounds
 h - 5 potions of might
 i - 4 potions of magic
 m - 2 potions of cancellation {unknown}
 n - 2 potions of brilliance
 q - 3 potions of lignification
 r - 2 potions of berserk rage {unknown}
 u - 7 potions of curing
 v - 2 potions of flight {unknown}
 x - 2 potions of degeneration {unknown}
 B - a potion of agility
 J - a potion of invisibility {unknown}
 L - a potion of resistance {unknown}
 T - 5 potions of haste
 X - 4 potions of ambrosia {unknown}
Miscellaneous
 H - a box of beasts
Comestibles
 d - 28 rations


   Skills:
 + Level 9.9 Fighting
 - Level 9.0(9.1) Maces & Flails
 + Level 2.0(6.0) Staves
 - Level 6.0 Armour
 + Level 8.1 Dodging
 - Level 2.1 Stealth
 - Level 4.0 Shields
 + Level 9.6 Spellcasting
 + Level 10.6 Conjurations
   Level 0.7 Transmutations
 + Level 5.6 Fire Magic
 + Level 12.2 Earth Magic
 + Level 7.7 Evocations


You had 13 spell levels left.
You knew the following spells:

 Your Spells              Type           Power        Failure   Level  Hunger
a - Sandblast             Erth           ######       1%          1    None
b - Stone Arrow           Conj/Erth      ######       1%          3    None
c - Lee's Rapid Deconstr  Erth           ######....   1%          5    ####...
d - Fireball              Conj/Fire      #####.....   2%          5    ####...
e - Bolt of Fire          Conj/Fire      #####.....   11%         6    ######.

Your spell library contained the following spells:

 Spells                   Type           Power        Failure   Level  Hunger
 Bolt of Cold             Conj/Ice       ####......   32%         6    ######.
 Passwall                 Tmut/Erth      #####...     1%          2    None
 Throw Frost              Conj/Ice       ####..       1%          2    None
 Freeze                   Ice            ##..         2%          1    None
 Ignite Poison            Fire/Tmut/Pois ###.....     2%          3    None
 Throw Icicle             Conj/Ice       ####....     2%          4    ##.....
 Petrify                  Tmut/Erth      #####...     5%          4    ##.....
 Beastly Appendage        Tmut           ##....       6%          1    None
 Animate Skeleton         Necr           N/A          8%          1    None
 Infusion                 Chrm           ##..         8%          1    None
 Pain                     Necr           ##..         8%          1    None
 Sticks to Snakes         Tmut           ##......     9%          2    None
 Shroud of Golubria       Chrm/Tloc      ##........   12%         2    None
 Song of Slaying          Chrm           ##......     12%         2    None
 Spider Form              Tmut/Pois      ##........   21%         3    None
 Ozocubu's Armour         Chrm/Ice       ##......     22%         3    None
 Regeneration             Chrm/Necr      ##........   22%         3    None
 Spectral Weapon          Hex/Chrm       ##......     22%         3    None
 Vampiric Draining        Necr           ##........   22%         3    None
 Yara's Violent Unravell  Hex/Tmut       ##........   41%         5    ####...
 Ice Form                 Ice/Tmut       ##......     54%         4    ##.....
 Animate Dead             Necr           N/A          58%         4    ##.....
 Cause Fear               Hex            ##........   58%         4    ##.....
 Summon Ice Beast         Ice/Summ       ##......     58%         4    ##.....
 Blade Hands              Tmut           ##........   85%         5    ####...
 Silence                  Hex/Air        ##........   91%         5    ####...
 Deflect Missiles         Chrm/Air       ##........   100%        6    ######.
 Ring of Flames           Chrm/Fire      ###.......   100%        7    #######
 Discord                  Hex            ##........   100%        8    #######
 Ignition                 Fire           #####.....   100%        8    #######


Dungeon Overview and Level Annotations

Branches:
Dungeon (12/15)            Temple (1/1) D:6            Lair (6/6) D:11
 Shoals (0/4) Lair:3       Spider (0/4) Lair:4        Slime (0/5) Lair:6
    Orc (2/2) D:12
    Elf: Orc:2

Altars:
Ashenzari
Cheibriados
Dithmenos
Elyvilon
Fedhas
Gozag
Hepliaklqana
Kikubaaqudgha
Makhleb
Nemelex Xobeh
Okawaru
Qazlal
Ru
Sif Muna
Trog
Uskayaw
Vehumet
Wu Jian
Xom
Yredelemnul
Zin
The Shining One
Beogh
Jiyva

Shops:
D:10 :   Orc:1 ?

Portals:
Hell: Lair:6

Annotations:
Lair:2 stash
Lair:5 3 runed doors, ShansongY's ghost, journeyman MiBe
Orc:1 Saint Roka


Innate Abilities, Weirdness & Mutations

You are resistant to torment.
Your stone body is resilient. (AC +11)
You are immune to poison.
Your large and strong wings let you fly indefinitely.
You resist negative energy. (rN+)
You are resistant to electric shocks. (rElec)
You can survive without breathing.
You are immune to petrification.
You are immune to rotting.


Message History

Saint Roka hits you with a war axe!
* * * LOW HITPOINT WARNING * * *
Casting: Stone Arrow (safe; 1% risk of failure)
Confirm with . or Enter, or press ? or * to list all spells.
Aiming: Stone Arrow (safe; 1% risk of failure)
Press: ? - help, Shift-Dir - straight line, f/p - Saint Roka
Aim: Saint Roka, wielding a war axe and wearing a plate armour (severely The stone arrow misses Saint Roka.
Saint Roka invokes the aid of Beogh against you.
Beogh smites you!
* * * LOW HITPOINT WARNING * * *
Casting: Stone Arrow (safe; 1% risk of failure)
Confirm with . or Enter, or press ? or * to list all spells.
Aiming: Bolt of Fire (quite dangerous; 11% risk of failure)
Press: ? - help, Shift-Dir - straight line, f/p - Saint Roka
Aim: Saint Roka, wielding a war axe and wearing a plate armour (severely The bolt of fire misses Saint Roka.
Saint Roka mumbles some strange prayers to Beogh against you.
Beogh smites you!
You die...

#........####..........#
##.#.∩.#...#..........######
##.......)...........#....##
##...#.....#................##
##.#.........#...)[...........#
....).........#...........##.##
......##...............#.#####
.##..##..).....[.[......##
########..[...)[@[......##
##......[o........#
#.........#.....##
##...............##
##..........#....#
##...[.[....##.##
#....<....##### ##.#...#.##
#########


You could see Saint Roka.

Vanquished Creatures
  Gastronok (D:11)
  A dire elephant (Lair:5)
  7 hydras
  Harold (D:7)
  Erolcha (Orc:1)
  A hell beast (Lair:6)
  2 two-headed ogres
  Erica (Lair:1)
  An orc high priest (Orc:1)
  3 death yaks
  Urug (Lair:1)
  Nergalle (Lair:1)
  A wizard (Lair:6)
  Pikel (D:7)
  2 orc knights (Orc:1)
  A manticore (D:12)
  2 ugly things (D:11)
  10 black mambas
  8 elephants
  2 merfolk sirens (Lair:3)
  A smoke demon (Lair:6)
  2 orange demons
  8 komodo dragons
  12 spiny frogs
  16 rime drakes
  A kobold demonologist (D:12)
  An ice devil (Lair:5)
  3 red devils (Lair:6)
  Grinder (D:6)
  15 blink frogs
  2 hornets (D:10)
  5 jumping spiders (Lair:4)
  5 trolls
  18 hippogriffs
  6 yaks
  2 wyverns
  A redback (Lair:4)
  A shadow (D:12)
  A water elemental (D:10)
  A wraith (D:12)
  12 basilisks
  2 wargs
  Edmund (Temple)
  3 hell hounds (Lair:6)
  2 soldier ants (D:10)
  14 water moccasins
  Duvessa (D:6)
  10 porcupines
  6 ice beasts
  18 orc warriors
  5 sky beasts
  The ghost of brittlin the Skirmisher, an amateur HOFi (D:2)
  2 black bears
  3 phantoms (D:12)
  7 wolves (Lair:6)
  A hornet zombie (D:5)
  6 ogres
  15 crocodiles
  8 centaurs
  11 bullfrogs
  A wyvern zombie (D:10)
  Dowan (D:6)
  5 scorpions
  9 killer bees
  4 wights (D:11)
  7 howler monkeys
  3 electric eels (D:11)
  3 crimson imps
  A centaur zombie (D:3)
  5 hounds
  A bullfrog zombie (D:10)
  8 jellies
  13 orc priests
  A bullfrog skeleton (D:3)
  Jessica (D:2)
  27 orc wizards
  3 iguanas
  10 worker ants
  A hound zombie (D:5)
  A hound skeleton (D:4)
  3 worker ant zombies
  4 gnolls
  21 adders
  2 shadow imps
  3 oozes
  An adder zombie (D:8)
  An adder skeleton (D:3)
  4 worms
  A dart slug (D:2)
  3 leopard geckos
  70 orcs
  4 giant cockroaches
  7 goblins
  3 hobgoblins
  15 jackals
  6 quokkas
  3 ball pythons
  7 bats
  5 frilled lizards
  2 jackal skeletons
  4 kobolds (D:2)
  A leopard gecko zombie (D:6)
  A quokka skeleton (D:3)
  8 rats
562 creatures vanquished.

Vanquished Creatures (others)
  A slave (D:7)
  A sky beast (D:10)
  An orc (Orc:2)
  7 fungi
  14 plants
24 creatures vanquished.

Grand Total: 586 creatures vanquished

Notes
Turn   | Place    | Note
-------+----------+-------------------------------------------
     0 | D:1      | MaCx the Gargoyle Earth Elementalist began the quest for
                  | the Orb.
     0 | D:1      | Reached XP level 1. HP: 10/10 MP: 3/3
   546 | D:1      | Reached XP level 2. HP: 14/15 MP: 5/5
   589 | D:1      | Reached skill level 4 in Earth Magic
  1457 | D:2      | Reached XP level 3. HP: 15/19 MP: 2/7
  1998 | D:2      | Reached XP level 4. HP: 11/24 MP: 5/8
  2142 | D:2      | Learned a level 3 spell: Stone Arrow
  2297 | D:2      | Noticed Jessica
  2304 | D:2      | Killed Jessica
  2304 | D:2      | Reached skill level 5 in Earth Magic
  2697 | D:2      | Reached skill level 1 in Conjurations
  2697 | D:2      | Reached XP level 5. HP: 24/28 MP: 10/10
  3689 | D:2      | Found a blossoming altar of Fedhas.
  4423 | D:3      | Learned a level 5 spell: Lee's Rapid Deconstruction
  4592 | D:3      | Reached XP level 6. HP: 24/32 MP: 1/11
  5536 | D:3      | Reached skill level 6 in Earth Magic
  5605 | D:3      | Found a runed gate.
  5605 | D:3      | Found a runed gate.
  5605 | D:3      | Found a runed gate.
  5605 | D:3      | Noticed brittlin's ghost (amateur HOFi)
  6254 | D:2      | Killed brittlin's ghost
  6436 | D:3      | Reached XP level 7. HP: 31/37 MP: 12/13
  6801 | D:4      | Reached skill level 1 in Fighting
  6801 | D:4      | Reached skill level 1 in Armour
  6969 | D:4      | Reached skill level 1 in Maces & Flails
  7667 | D:5      | Entered Level 5 of the Dungeon
  8031 | D:5      | Reached XP level 8. HP: 44/44 MP: 14/15
  8565 | D:5      | Reached skill level 7 in Earth Magic
  8985 | D:5      | Found a sparkling altar of Nemelex Xobeh.
  9047 | D:5      | Reached skill level 5 in Spellcasting
  9465 | D:5      | Found a shimmering altar of Xom.
  9566 | D:5      | Found a hazy altar of Hepliaklqana.
  9567 | D:5      | Noticed a spectral ugly thing
 10421 | D:6      | Noticed Edmund
 10518 | D:6      | Found a staircase to the Ecumenical Temple.
 10611 | Temple   | Entered the Ecumenical Temple
 10747 | Temple   | Became a worshipper of Vehumet
 10777 | Temple   | Killed Edmund
 10974 | D:6      | Noticed Grinder
 10980 | D:6      | Killed Grinder
 10980 | D:6      | Reached skill level 5 in Conjurations
 10980 | D:6      | Reached XP level 9. HP: 46/51 MP: 9/17
 11516 | D:6      | Noticed Dowan
 11519 | D:6      | Killed Dowan
 11520 | D:6      | Noticed Duvessa
 11529 | D:6      | Killed Duvessa
 12196 | D:7      | Found a stormy altar of Qazlal.
 12249 | D:7      | Found an ornate altar of the Wu Jian Council.
 12253 | D:7      | Found a glowing golden altar of the Shining One.
 12253 | D:7      | Found a glowing silver altar of Zin.
 12269 | D:7      | Found a basalt altar of Yredelemnul.
 12663 | D:7      | Reached skill level 1 in Evocations
 12757 | D:7      | Noticed Harold
 13025 | D:7      | Killed Harold
 13025 | D:7      | Reached skill level 8 in Earth Magic
 13025 | D:7      | Reached XP level 10. HP: 17/58 MP: 3/18
 13346 | D:7      | Noticed Pikel
 13356 | D:7      | Killed Pikel
 14354 | D:7      | Reached skill level 5 in Fighting
 14512 | D:8      | Reached skill level 5 in Armour
 14580 | D:7      | Reached * piety under Vehumet
 14580 | D:7      | Offered knowledge of Magic Dart by Vehumet.
 14745 | D:8      | Found a sacrificial altar of Ru.
 15525 | D:8      | Found a sparkling altar of Nemelex Xobeh.
 15881 | D:9      | Reached skill level 5 in Maces & Flails
 15942 | D:9      | Offered knowledge of Throw Frost by Vehumet.
 15965 | D:9      | Reached ** piety under Vehumet
 15978 | D:9      | Reached skill level 9 in Earth Magic
 16107 | D:9      | Found a roughly hewn altar of Beogh.
 16723 | D:10     | Entered Level 10 of the Dungeon
 16768 | D:10     | Reached XP level 11. HP: 62/64 MP: 2/20
 16925 | D:10     | Reached skill level 5 in Dodging
 17219 | D:10     | Noticed a two-headed ogre
 17228 | D:10     | Killed a two-headed ogre
 17591 | D:10     | Found Momus's Book Shoppe.
 17685 | D:10     | Offered knowledge of Dazzling Spray by Vehumet.
 18140 | D:11     | Noticed a brown ugly thing
 18204 | D:11     | Killed a brown ugly thing
 18207 | D:11     | Reached skill level 1 in Shields
 18446 | D:11     | Reached *** piety under Vehumet
 19050 | D:11     | Found a staircase to the Lair.
 19365 | D:11     | Offered knowledge of Ignite Poison by Vehumet.
 19839 | D:11     | Noticed a white ugly thing
 19848 | D:11     | Killed a white ugly thing
 20104 | Lair:1   | Entered Level 1 of the Lair of Beasts
 20104 | Lair:1   | Noticed Gastronok
 20123 | D:11     | Killed Gastronok
 20123 | D:11     | Reached XP level 12. HP: 46/71 MP: 3/23
 20385 | Lair:1   | Noticed Nergalle
 20403 | Lair:1   | Killed Nergalle
 20403 | Lair:1   | Reached skill level 10 in Earth Magic
 20595 | Lair:1   | Noticed Urug
 20608 | Lair:1   | Killed Urug
 20806 | Lair:1   | Noticed Erica
 20828 | Lair:1   | Killed Erica
 21005 | Lair:1   | Noticed a six-headed hydra
 21012 | Lair:1   | Killed a six-headed hydra
 21012 | Lair:1   | Reached skill level 5 in Evocations
 21418 | Lair:2   | Noticed a five-headed hydra
 21431 | Lair:2   | Killed a five-headed hydra
 21700 | Lair:2   | Got a slimy plate armour
 21711 | Lair:2   | Identified the cursed +0 plate armour "Foikorus" {rC+
                  | Int+4} (You found it on level 2 of the Lair of Beasts)
 22807 | D:10     | Bought a book of Fire for 845 gold pieces
 22813 | D:10     | Learned a level 5 spell: Fireball
 23661 | Lair:3   | Reached skill level 1 in Fire Magic
 23766 | Lair:3   | Reached XP level 13. HP: 78/78 MP: 25/25
 24365 | Lair:3   | Reached **** piety under Vehumet
 24470 | Lair:3   | You fall through a shaft for 3 floors!
 24470 | Lair:6   | Entered Level 6 of the Lair of Beasts
 24737 | Lair:3   | Found a staircase to the Shoals.
 25235 | Lair:4   | Offered knowledge of Irradiate by Vehumet.
 25529 | Lair:4   | Reached skill level 11 in Earth Magic
 25915 | Lair:4   | Found a hole to the Spider Nest.
 27799 | Lair:2   | Identified a scroll of acquirement
 28269 | Lair:5   | Gained mutation: Your large and strong wings let you fly
                  | indefinitely. [Gargoyle growth]
 28269 | Lair:5   | Reached XP level 14. HP: 56/86 MP: 9/26
 28826 | Lair:5   | Found a runed gate.
 28826 | Lair:5   | Found a runed gate.
 28827 | Lair:5   | Noticed ShansongY's ghost (journeyman MiBe)
 28828 | Lair:5   | Found a runed gate.
 29548 | Lair:5   | Reached ***** piety under Vehumet
 29740 | Lair:6   | Offered knowledge of Bolt of Cold by Vehumet.
 29763 | Lair:6   | Reached skill level 10 in Conjurations
 30266 | Lair:6   | Noticed a dire elephant
 30491 | Lair:5   | Killed a dire elephant
 31213 | Lair:6   | Found a burning altar of Makhleb.
 31232 | Lair:6   | Reached skill level 5 in Fire Magic
 31619 | Lair:6   | Reached skill level 12 in Earth Magic
 31764 | Lair:6   | Found a gateway to Hell.
 31916 | Lair:6   | found hell
 32562 | Lair:6   | Found a runed door.
 32562 | Lair:6   | Found a viscous altar of Jiyva.
 32566 | Lair:6   | Found a staircase to the Slime Pits.
 32699 | Lair:6   | Learned a level 6 spell: Bolt of Fire
 33056 | D:12     | Reached skill level 1 in Staves
 33285 | D:12     | Found a shadowy altar of Dithmenos.
 33588 | D:12     | Found a staircase to the Orcish Mines.
 33860 | Orc:1    | Entered Level 1 of the Orcish Mines
 33861 | Orc:1    | Noticed Erolcha
 33934 | Orc:1    | Paralysed by Erolcha for 5 turns
 33940 | Orc:1    | Killed Erolcha
 34089 | Orc:1    | Found Omeok's Magic Scroll Shop.
 34453 | Orc:2    | Entered Level 2 of the Orcish Mines
 34836 | Orc:1    | Reached XP level 15. HP: 70/92 MP: 28/28
 35206 | Orc:2    | Noticed Saint Roka
 35350 | Orc:1    | Killed from afar by Saint Roka

Skill      XL: |  1  2  3  4  5  6  7  8  9 10 11 12 13 14 15 |
---------------+----------------------------------------------+-----
Earth Magic    | 4 5 6 7 8 9 10 11 12 | 12.2
Spellcasting   | 3 4 5 6 7 8 9 |  9.6
Conjurations   | 1 2 3 4 5 6 7 8 9 10 | 10.6
Fighting       | 2 3 4 5 6 7 9 |  9.9
Armour         | 2 3 4 5 6 |  6.0
Maces & Flails | 1 3 4 5 6 7 8 9 |  9.0
Dodging        | 2 3 4 5 6 7 8 |  8.1
Evocations     | 1 3 4 5 6 7 |  7.7
Shields        | 3 4 |  4.0
Fire Magic     | 1 3 5 |  5.6
Staves         | 1 2 |  2.0
Stealth        | |  2.1
Transmutations | |  0.7

Action                   |  1- 3 |  4- 6 |  7- 9 | 10-12 | 13-15 || total
-------------------------+-------+-------+-------+-------+-------++-------
Melee: Unarmed           |    39 |       |       |       |       ||    39
       Club              |    89 |   206 |       |       |       ||   295
       Flail             |       |       |    28 |       |       ||    28
       Dire flail        |       |       |     6 |       |       ||     6
       Whip              |       |       |       |   118 |    49 ||   167
       Staff             |       |       |       |       |    64 ||    64
 Cast: Sandblast         |    11 |    17 |     5 |    21 |     8 ||    62
       Stone Arrow       |       |    48 |   156 |   370 |   607 ||  1181
       Lee's Rapid Decon |       |       |    11 |    33 |    18 ||    62
       Fireball          |       |       |       |       |    10 ||    10
       Bolt of Fire      |       |       |       |       |     3 ||     3
 Abil: Fly               |       |       |       |       |     1 ||     1
  Use: Scroll            |       |     2 |     2 |     7 |    19 ||    30
       Potion            |       |       |       |       |     1 ||     1
 Stab: Sleeping          |     4 |     6 |       |       |       ||    10
  Eat: Chunk             |     3 |    16 |    21 |    49 |    44 ||   133
       Ration            |       |     1 |     3 |     1 |       ||     5
Armor: Robe              |    69 |   136 |    34 |    89 |       ||   328
       Troll leather arm |       |       |       |    39 |   213 ||   252
Dodge: Dodged            |   135 |   233 |    61 |   223 |   314 ||   966
Block: Buckler           |       |       |       |     7 |    96 ||   103
